 Dungeon Crawl Stone Soup version 0.20.0-8-g6b59dc7 (webtiles) character file.

77 CosmicAfro the Chopper (level 4, -3/39 HPs)
             Began as a Minotaur Fighter on June 1, 2017.
             Slain by Natasha (8 damage)
             ... on level 2 of the Dungeon.
             The game lasted 00:01:10 (934 turns).

CosmicAfro the Chopper (Minotaur Fighter)            Turns: 934, Time: 00:01:10

Health: -3/39      AC:  6    Str: 21    XL:     4   Next: 14%
Magic:  3/3        EV:  7    Int:  5    God:
Gold:   81         SH:  9    Dex: 10    Spells: 3/3 levels left

rFire    . . .     SeeInvis .   a - +0 war axe
rCold    . . .     Gourm    .   c - +0 shield
rNeg     . . .     Faith    .   b - +0 scale mail
rPois    .         Spirit   .   (helmet restricted)
rElec    .         Reflect  .   (no cloak)
rCorr    .         Harm     .   (no gloves)
MR       .....                  (no boots)
Stlth    ..........             (no amulet)
Regen    0.2/turn               (no ring)
MPRegen  0.1/turn               (no ring)

@: slowed, very slow
A: retaliatory headbutt, horns 2
a: no special abilities


You were on level 2 of the Dungeon.
You were not hungry.

You visited 1 branch of the dungeon, and saw 2 of its levels.

You collected 81 gold pieces.

Inventory:

Hand Weapons
 a - a +0 war axe (weapon)
Armour
 b - a +0 scale mail (worn)
 c - a +0 shield (worn)
Scrolls
 e - a scroll of remove curse {unknown}
 i - 3 scrolls of identify {unknown}
Potions
 d - a potion of might
 g - a potion of heal wounds {unknown}
 h - a potion of curing {unknown}
 j - a potion of mutation {unknown}
 k - a potion of magic {unknown}
 l - 2 potions of agility {unknown}
Comestibles
 f - 2 bread rations
 m - a meat ration


   Skills:
 - Level 3.6 Fighting
 + Level 5.4 Axes
 - Level 3.6 Armour
 - Level 3.6 Shields


You had 3 spell levels left.
You didn't know any spells.

Dungeon Overview and Level Annotations

Branches:
Dungeon (2/15)

Altars:

Annotations:
D:2 Natasha


Innate Abilities, Weirdness & Mutations

You reflexively headbutt those who attack you in melee.
You have a pair of horns on your head.


Message History

Natasha claws you!
* * * LOW HITPOINT WARNING * * *
Natasha barely misses you.
You barely miss Natasha. Your headbutt misses Natasha.
Natasha is moderately wounded.
You hit the crimson imp but do no damage.
You closely miss the kobold. You block Natasha's attack.
The crimson imp hits you but does no damage.
The kobold hits you.
* * * LOW HITPOINT WARNING * * *
The crimson imp blinks!
You block Natasha's attack. The kobold hits you but does no damage.
You hit Natasha.
Natasha is heavily wounded.
You hit the kobold. You block Natasha's attack. The kobold hits you.
* * * LOW HITPOINT WARNING * * *
The crimson imp hits you.
* * * LOW HITPOINT WARNING * * *
Natasha claws you!
You die...

##### #.%.# #
#######.#.# #
#.....#†#.############
#.>.h@5...............
#..#K...#.#########...
# #.####.# #... #. #.#
#... #. #.# #... #.
#.# #... ## #.# #...
..# #.(. ### #...


You could see Natasha, a crimson imp and a kobold.

Vanquished Creatures
  Natasha (twice) (D:2)
  A worm (D:2)
  3 dart slugs (D:1)
  A leopard gecko (D:2)
  A ball python (D:2)
  A bat (D:1)
  A giant cockroach (D:1)
  2 goblins
  2 hobgoblins
  2 frilled lizards
  2 kobolds
  3 rats (D:1)
21 creatures vanquished.

Notes
Turn   | Place    | Note
-------+----------+-------------------------------------------
     0 | D:1      | CosmicAfro the Minotaur Fighter began the quest for the Orb.
     0 | D:1      | Reached XP level 1. HP: 19/19 MP: 0/0
   208 | D:1      | Reached skill level 3 in Axes
   297 | D:1      | Reached XP level 2. HP: 26/26 MP: 1/1
   620 | D:2      | Found a faded altar of an unknown god.
   620 | D:2      | Noticed Natasha
   624 | D:2      | Killed Natasha
   624 | D:2      | Reached skill level 4 in Axes
   624 | D:2      | Reached XP level 3. HP: 27/31 MP: 2/2
   625 | D:2      | Noticed Natasha
   632 | D:2      | Killed Natasha
   632 | D:2      | Reached skill level 5 in Axes
   681 | D:2      | Reached XP level 4. HP: 28/39 MP: 3/3
   923 | D:2      | Noticed Natasha
   934 | D:2      | Slain by Natasha

Skill      XL: |  1  2  3 |
---------------+----------+-----
Axes           | 3 4 5 |  5.4
Fighting       | |  3.6
Armour         | |  3.6
Shields        | |  3.6

Action                   |  1- 3 |  4- 6 || total
-------------------------+-------+-------++-------
Melee: War axe           |    32 |    22 ||    54
       Headbutt          |     1 |       ||     1
Armor: Scale mail        |    11 |    15 ||    26
Dodge: Dodged            |    12 |     4 ||    16
Block: Shield            |    21 |    13 ||    34
